 Dungeon Crawl Stone Soup version 0.17.1-3-g152610e (webtiles) character file.

67 inmateoo the Shield-Bearer (level 3, -2/22 HPs)
             Began as a Deep Elf Fighter on Mar 1, 2016.
             Slain by Natasha (5 damage)
             ... on level 3 of the Dungeon.
             The game lasted 00:01:55 (1210 turns).

inmateoo the Shield-Bearer (Deep Elf Fighter)       Turns: 1210, Time: 00:01:55

Health: -2/22      AC:  8    Str: 14    XL:     3   Next: 98%
Magic:  5/5        EV:  6    Int: 12    God:
Gold:   96         SH:  8    Dex: 14    Spells: 0 memorised, 2 levels left

rFire  . . .     SeeInvis .     a - +0 war axe
rCold  + . .     Clarity  .     b - +0 scale mail
rNeg   . . .     SustAt   .     c - +0 shield
rPois  .         Gourm    .     o - +0 helmet
rElec  .         Spirit   .     (no cloak)
rCorr  .         Warding  .     (no gloves)
rMut   .         Stasis   .     m - +0 pair of boots
MR     .....                    (no amulet)
Stlth  ..........               (no ring)
                                t - ring of protection from cold

@: slowed, very slow, not resistant to hostile enchantments, extremely
unstealthy
A: no striking features
a: no special abilities


You were on level 3 of the Dungeon.
You were not hungry.

You visited 1 branch of the dungeon, and saw 3 of its levels.

You collected 96 gold pieces.

Inventory:

Hand Weapons
 a - a +0 war axe (weapon)
Armour
 b - a +0 scale mail (worn)
 c - a +0 shield (worn)
 m - a +0 pair of boots (worn)
 o - a +0 helmet (worn)
Jewellery
 r - an uncursed ring of fire
 t - a ring of protection from cold (left hand)
 u - an uncursed ring of protection from cold
Scrolls
 h - a scroll of identify {unknown}
 i - 2 scrolls of blinking {unknown}
 j - a scroll of noise {unknown}
 l - a scroll of fear {unknown}
 p - a scroll of enchant armour {unknown}
 s - a scroll of immolation {unknown}
Potions
 f - a potion of haste {unknown}
 g - a potion of degeneration {unknown}
 k - a potion of invisibility {unknown}
 n - 2 potions of heal wounds {unknown}
 q - a potion of curing {unknown}
Comestibles
 d - a meat ration
 e - a bread ration
 v - a chunk of flesh


   Skills:
 + Level 2.7 Fighting
 * Level 2.6 Axes
 + Level 2.7 Armour
 + Level 2.8 Shields


You had 2 spell levels left.
You didn't know any spells.

Dungeon Overview and Level Annotations

Branches:
Dungeon (3/15)

Altars:

Annotations:
D:3 Natasha


Message History

Your shield and scale mail prevent you from hitting Natasha.
Natasha howls an incantation.
Natasha's fingertips start to glow.
Natasha zaps a wand.
You resist with some effort. Natasha closely misses you.
You barely miss Natasha. You block Natasha's attack.
Natasha hisses.
Natasha zaps a wand.
You resist with some effort.
Natasha stares at you and mumbles some strange words.
The magic dart hits you!
* * * LOW HITPOINT WARNING * * *
Your shield and scale mail prevent you from hitting Natasha.
Natasha zaps a wand.
You feel as though you will be slow longer.
Natasha casts a spell.
You hit Natasha.
Natasha is almost dead.
You hit the crimson imp but do no damage.
Natasha casts a spell.
You block the crimson imp's attack. Natasha claws you.
You die...

#######..........####
......'..รท...........
.######...[..[.#.# #########
'### #.....##.#.# #?......#
...#####...###.#.# #.......#
...'...+...+.#.#.# #.......#
...#####...#.#.#.# #.......###
...'...+.......#5# #.........#
...#####....####@#######.....##
>..............5.h5....S........
.....#####################..(...
...(.# .$.... .....# ......
.....# ..... .....# ..... ...###
.... ##.#


You could see Natasha, 2 crimson imps, an adder (wandering) and a white imp.

Vanquished Creatures
  Natasha (twice) (D:3)
  An ooze (D:1)
  3 giant geckos
  A bat (D:1)
  3 giant cockroaches (D:1)
  4 goblins (D:1)
  4 hobgoblins
  5 kobolds
  2 giant newts (D:1)
  2 rats
27 creatures vanquished.

Notes
Turn   | Place    | Note
--------------------------------------------------------------
     0 | D:1      | inmateoo the Deep Elf Fighter began the quest for the Orb.
     0 | D:1      | Reached XP level 1. HP: 13/13 MP: 3/3
   134 | D:1      | Reached XP level 2. HP: 6/18 MP: 4/4
   859 | D:3      | Reached XP level 3. HP: 22/22 MP: 5/5
   901 | D:3      | Noticed Natasha
   915 | D:3      | Killed Natasha
  1168 | D:3      | Noticed Natasha
  1180 | D:3      | Killed Natasha
  1193 | D:3      | Noticed Natasha
  1210 | D:3      | Slain by Natasha

Action                   || total
-------------------------++-------
Melee: War axe           ||    98
  Use: Potion            ||     1
  Eat: Chunk             ||     1
